 Dungeon Crawl Stone Soup version 0.26.1-11-gd32895ea62 (webtiles) character file.

Game seed: 9577836698925971466

30 Crownlay the Chiller (level 3, 25/25 HPs)
             Began as a Gnoll Ice Elementalist on July 25, 2021.
             Quit the game on level 1 of the Dungeon on Aug 12, 2021.
             The game lasted 00:01:38 (883 turns).

Crownlay the Chiller (Gnoll Ice Elementalist)        Turns: 883, Time: 00:01:38

Health: 25/25      AC:  3    Str: 10    XL:     3   Next: 18%
Magic:  9/9        EV: 14    Int: 18    God:
Gold:   97         SH:  0    Dex: 15    Spells: 5/12 levels left

rFire    . . .     SeeInvis .   f - +0 dagger
rCold    . . .     Faith    .   (no shield)
rNeg     . . .     Spirit   .   a - +0 robe
rPois    .         Reflect  .   (no helmet)
rElec    .         Harm     .   (no cloak)
rCorr    .         Rampage  .   j - +0 pair of gloves
Will     .....                  (no boots)
Stlth    +++.......             (no amulet)
HPRegen  0.08/turn              (no ring)
MPRegen  0.11/turn              (no ring)

@: no status effects
A: distributed training, fangs 1, strong nose
a: no special abilities


You were on level 1 of the Dungeon.
You visited 1 branch of the dungeon, and saw 1 of its levels.

You collected 97 gold pieces.

Inventory:

Hand Weapons
 f - a +0 dagger (weapon)
Armour
 a - a +0 robe (worn)
 j - a +0 pair of gloves (worn)
Scrolls
 b - a scroll of teleportation {unknown}
 c - a scroll of noise {unknown}
 h - a scroll of random uselessness {unknown}
Potions
 d - a potion of curing {unknown}
 e - a potion of magic {unknown}
 g - 2 potions of resistance {unknown}
 i - a potion of lignification {unknown}
 k - a potion of mutation {unknown}


   Skills:
 + Level 0.6 Fighting
 + Level 0.6 Short Blades
 + Level 0.6 Long Blades
 + Level 0.6 Axes
 + Level 0.6 Maces & Flails
 + Level 0.6 Polearms
 + Level 0.6 Staves
 + Level 0.6 Slings
 + Level 0.6 Bows
 + Level 0.6 Crossbows
 + Level 0.6 Throwing
 + Level 0.6 Armour
 + Level 4.5 Dodging
 + Level 4.1 Stealth
 + Level 0.6 Shields
 + Level 0.6 Unarmed Combat
 + Level 5.0 Spellcasting
 + Level 0.4 Conjurations
 + Level 0.4 Hexes
 + Level 0.4 Summonings
 + Level 0.4 Necromancy
 + Level 0.4 Translocations
 + Level 0.4 Transmutations
 + Level 0.4 Fire Magic
 + Level 7.1 Ice Magic
 + Level 0.4 Air Magic
 + Level 0.4 Earth Magic
 + Level 0.4 Poison Magic
 + Level 0.8 Invocations
 + Level 0.6 Evocations


You had 5 spell levels left.
You knew the following spells:

 Your Spells              Type           Power        Failure   Level
a - Freeze                Ice            100%         1%          1
b - Frozen Ramparts       Ice            60%          2%          3
c - Ozocubu's Armour      Ice            30%          2%          3

Your spell library contained the following spells:

 Spells                   Type           Power        Failure   Level
 Hailstorm                Conj/Ice       18%          28%         4
 Summon Ice Beast         Ice/Summ       18%          28%         4


Dungeon Overview and Level Annotations

Branches:
Dungeon (1/15)

Altars:


Innate Abilities, Weirdness & Mutations

Your experience applies equally to all skills.
You have very sharp teeth.
Your uncanny sense of smell can sniff out nearby items.


Message History

You see here a frilled lizard corpse.
k - a lumpy ruby potion A rat comes into view.
You freeze the rat.
The rat is severely wounded.
The rat bites you but does no damage.
A rat is nearby!
You freeze the rat!
You kill the rat!
Saving game... please wait.
Welcome back, Crownlay the Gnoll Ice Elementalist.
Press ? for a list of commands and other information.
Welcome back, Crownlay the Gnoll Ice Elementalist.
Press ? for a list of commands and other information.
Magic restored.
Welcome back, Crownlay the Gnoll Ice Elementalist.
Press ? for a list of commands and other information.
Welcome back, Crownlay the Gnoll Ice Elementalist.
Press ? for a list of commands and other information.
Are you sure you want to abandon this character and quit the game? (Confirm with "yes".)

#.....♣.....♣............#
#.#
#.................##.#####
#.# #.....♣.....♣.....##.#
#.# #.................##.#
#.# #.....♣.....♣.....##.#
#.# #.................##.#
#.# #.....♣.....♣........#
#.# #..................###
#.#
##..............@.....#
#.#
#...######.#####.##.#.#
#.#
.....#####.#####.##.#.#
#.# .................##.#
# #.#
.....##############.#.#
######.# #...## #.#.#
#......#
##.################.#.#
#.######
.......>............#.#
#.#
##.#.#.##############.#
#.#


There were no monsters in sight!

Vanquished Creatures
  A leopard gecko (D:1)
  A ball python (D:1)
  3 goblins (D:1)
  4 hobgoblins (D:1)
  3 jackals (D:1)
  6 kobolds (D:1)
  4 frilled lizards (D:1)
  5 rats (D:1)
27 creatures vanquished.

Notes
Turn   | Place    | Note
-------+----------+-------------------------------------------
     0 | D:1      | Crownlay the Gnoll Ice Elementalist began the quest for the
                  | Orb.
     0 | D:1      | Reached XP level 1. HP: 13/13 MP: 6/6
   195 | D:1      | Reached XP level 2. HP: 19/19 MP: 4/7
   483 | D:1      | Reached XP level 3. HP: 25/25 MP: 3/9
   573 | D:1      | Reached skill level 5 in Spellcasting
   720 | D:1      | Learned a level 3 spell: Frozen Ramparts
   724 | D:1      | Learned a level 3 spell: Ozocubu's Armour
   883 | D:1      | Quit the game

Illustrated notes

Levels and vault maps discovered:
D:1:      wander_arrival_estate, layout_loops_ring, minmay_misc_feat_roman,
          chequers_serial_rivers_micro_c

Skill      XL: |  1  2  3 |
---------------+----------+-----
Spellcasting   | 5 |  5.0
Fighting       | |  0.6
Short Blades   | |  0.6
Long Blades    | |  0.6
Axes           | |  0.6
Maces & Flails | |  0.6
Polearms       | |  0.6
Staves         | |  0.6
Slings         | |  0.6
Bows           | |  0.6
Crossbows      | |  0.6
Throwing       | |  0.6
Armour         | |  0.6
Dodging        | |  4.5
Stealth        | |  4.1
Shields        | |  0.6
Unarmed Combat | |  0.6
Conjurations   | |  0.4
Hexes          | |  0.4
Summonings     | |  0.4
Necromancy     | |  0.4
Translocations | |  0.4
Transmutations | |  0.4
Fire Magic     | |  0.4
Ice Magic      | |  7.1
Air Magic      | |  0.4
Earth Magic    | |  0.4
Poison Magic   | |  0.4
Invocations    | |  0.8
Evocations     | |  0.6

Action                   || total
-------------------------++-------
Melee: Unarmed           ||     3
       Dagger            ||     2
 Cast: Freeze            ||    32
Armor: Robe              ||     5
Dodge: Dodged            ||    23
